 Dungeon Crawl Stone Soup version 0.19.1-1-g22dce08 (webtiles) character file.

537 Dolanko the Ruffian (level 7, 0/72 HPs)
             Began as a Troll Monk on Jan 4, 2017.
             Was a Believer of Qazlal.
             Slain by a killer bee (9 damage)
             ... on level 3 of the Dungeon.
             The game lasted 00:03:59 (1477 turns).

Dolanko the Ruffian (Troll Monk)                    Turns: 1477, Time: 00:04:00

Health: 0/72       AC:  6    Str: 27    XL:     7   Next: 5%
Magic:  1/6        EV: 10    Int: 11    God:    Qazlal [**....]
Gold:   110        SH:  2    Dex: 12    Spells: 0 memorised, 6 levels left

rFire  . . .     SeeInvis .       - Unarmed
rCold  . . .     Gourm    +     a - +0 robe
rNeg   . . .     Faith    .     (no shield)
rPois  .         Spirit   .     (helmet restricted)
rElec  .         Reflect  .     j - +0 cloak
rCorr  .         Harm     .     (gloves unavailable)
MR     .....                    (boots unavailable)
Stlth  +.........               (no amulet)
                                (no ring)
                                (no ring)

@: mighty, brilliant, lethally poisoned (0 -> -5), very slightly contaminated,
hasted, very quick
A: unfitting armour, claws 3, fast metabolism 3, gourmand, regeneration 1,
shaggy fur 1, tough skin 2
a: Upheaval, Renounce Religion


You were on level 3 of the Dungeon.
You worshipped Qazlal.
Qazlal was pleased with you.
You were completely stuffed.

You visited 1 branch of the dungeon, and saw 3 of its levels.

You collected 110 gold pieces.

Inventory:

Missiles
 e - 7 javelins (quivered)
Armour
 a - a +0 robe (worn)
 j - a +0 cloak (worn)
Wands
 r - a wand of flame (15/48)
 s - a wand of disintegration (7/24)
 u - a wand of slowing (26/48)
Scrolls
 c - 2 scrolls of noise {unknown}
 f - a scroll of remove curse
 h - a scroll of amnesia {unknown}
 i - a scroll of fog {unknown}
 n - 3 scrolls of identify
 o - a scroll of teleportation {unknown}
 p - a scroll of random uselessness {unknown}
Potions
 d - a potion of curing
 l - a potion of haste
Comestibles
 b - 5 bread rations
 g - a slice of pizza
 q - a chunk of flesh


   Skills:
 + Level 5.1 Fighting
 - Level 2.4 Dodging
 - Level 1.0 Stealth
 + Level 6.0 Unarmed Combat


You had 6 spell levels left.
You didn't know any spells.

Dungeon Overview and Level Annotations

Branches:
Dungeon (3/15)

Altars:
Qazlal
Trog


Innate Abilities, Weirdness & Mutations

You are too large for most types of armour.
You have claws for hands.
Your metabolism is lightning-fast.
You like to eat raw meat.
Your natural rate of healing is unusually fast.
You are covered in fur. (AC +1)
You have very tough skin. (AC +2)


Message History

Aim: a killer bee Magma suddenly erupts from the ground!
The blast of magma engulfs the killer bee.
The killer bee is severely wounded.
You feel sick. The killer bee closely misses you. The killer bee stings you.
* * * LOW HITPOINT WARNING * * *
The killer bee stings you but does no damage.
You closely miss the killer bee.
The killer bee is severely wounded.
You feel sick. The killer bee stings you.
* * * LOW HITPOINT WARNING * * *
You block the killer bee's attack.
The killer bee stings you but does no damage.
You mangle the killer bee!!
You kill the killer bee!
Qazlal accepts your kill.
Your Unarmed Combat skill increases to level 6!
You have reached level 7!
You feel sick. The killer bee stings you!
You die...

#................
#################
##########
.....yy@.#
########y####
#######....+
######.........##
#..............+
##.###.........#
#.# #.........#
#.# ###########
#.# #....#


You could see 3 killer bees.

Vanquished Creatures
  The ghost of Dolanko the Skirmisher, an amateur MiFi (D:3)
  A scorpion (D:3)
  3 killer bees (D:3)
  2 orc wizards (D:3)
  2 adders (D:2)
  An ooze (D:2)
  A worm (D:2)
  2 dart slugs
  4 leopard geckos
  3 orcs (D:3)
  4 giant cockroaches
  8 goblins
  4 hobgoblins
  7 kobolds
  5 quokkas (D:2)
  4 bats
  4 frilled lizards
  6 rats
62 creatures vanquished.

Notes
Turn   | Place    | Note
-------+----------+-------------------------------------------
     0 | D:1      | Dolanko the Troll Monk began the quest for the Orb.
     0 | D:1      | Reached XP level 1. HP: 22/22 MP: 0/0
    75 | D:1      | Reached XP level 2. HP: 29/29 MP: 1/1
   517 | D:2      | Reached XP level 3. HP: 35/37 MP: 2/2
   851 | D:2      | Found a stormy altar of Qazlal.
   858 | D:2      | Became a worshipper of Qazlal Stormbringer
   858 | D:2      | Reached * piety under Qazlal
   858 | D:2      | Reached ** piety under Qazlal
   904 | D:2      | Reached skill level 4 in Unarmed Combat
   904 | D:2      | Reached XP level 4. HP: 41/45 MP: 3/3
   916 | D:2      | Found a bloodstained altar of Trog.
  1012 | D:3      | Noticed Dolanko's ghost (amateur MiFi)
  1093 | D:3      | Killed Dolanko's ghost
  1093 | D:3      | Reached skill level 5 in Unarmed Combat
  1093 | D:3      | Reached XP level 5. HP: 39/55 MP: 4/4
  1093 | D:3      | Reached XP level 6. HP: 45/63 MP: 5/5
  1458 | D:3      | Reached skill level 5 in Fighting
  1477 | D:3      | Reached skill level 6 in Unarmed Combat
  1477 | D:3      | Reached XP level 7. HP: 10/72 MP: 1/6
  1477 | D:3      | Slain by a killer bee

Skill      XL: |  1  2  3  4  5  6 |
---------------+-------------------+-----
Fighting       | 3 4 5 |  5.1
Unarmed Combat | 4 5 6 |  6.0
Dodging        | |  2.4
Stealth        | |  1.0

Action                   |  1- 3 |  4- 6 |  7- 9 || total
-------------------------+-------+-------+-------++-------
Melee: Unarmed           |   110 |    72 |       ||   182
Invok: Upheaval          |       |     2 |       ||     2
  Use: Scroll            |       |     4 |       ||     4
       Potion            |       |     5 |       ||     5
 Stab: Distracted        |     2 |       |       ||     2
       Sleeping          |     3 |       |       ||     3
  Eat: Chunk             |    13 |     6 |       ||    19
Armor: Robe              |    38 |    27 |       ||    65
Dodge: Dodged            |    49 |    50 |       ||    99
Block: Other             |       |     6 |       ||     6
